 Dungeon Crawl Stone Soup version 0.27-a0-1200-g94dc6ad4cf (webtiles) character file.

Game seed: 13676944751295884617

1834 Glokmah the Spear-Bearer (level 9, -3/66 (69) HPs)
             Began as a Merfolk Fighter on May 30, 2021.
             Was an Elder of Nemelex Xobeh.
             Succumbed to a hornet's poison
             ... while paralysed by a hornet
             ... on level 5 of the Dungeon.
             The game lasted 00:12:24 (5351 turns).

Glokmah the Spear-Bearer (Merfolk Fighter)          Turns: 5351, Time: 00:12:25

HP:   -3/66 (69)    AC: 10    Str: 18    XL:     9   Next: 11%
MP:   10/10         EV:  2    Int:  7    God:    Nemelex Xobeh [****..]
Gold: 253           SH:  0    Dex: 15    Spells: 8/8 levels left

rFire    . . .     SeeInvis .   b - +7 long sword of Tyurualas {speed, rElec rC- Stlth+}
rCold    x . .     Faith    .   c - +2 kite shield
rNeg     . . .     Spirit   .   p - +0 chain mail
rPois    .         Reflect  .   f - +0 helmet
rElec    +         Harm     .   (no cloak)
rCorr    .         Rampage  .   (no gloves)
Will     .....                  (no boots)
Stlth    ..........             (no amulet)
HPRegen  0.21/turn              h - +4 ring of slaying
MPRegen  0.12/turn              i - +4 ring of evasion

@: paralysed, lethally poisoned (-3 -> -19), studying Staves, lightly drained
A: (nimble swimmer 2), mertail
a: Renounce Religion, Draw Escape, Draw Destruction, Draw Summoning, Triple
Draw, Deal Four


You were on level 5 of the Dungeon.
You worshipped Nemelex Xobeh.
Nemelex Xobeh was greatly pleased with you.
You visited 2 branches of the dungeon, and saw 7 of its levels.
You also visited: Ossuary.

You collected 253 gold pieces.

Inventory:

Hand Weapons
 a - a +0 trident
 b - the +7 long sword of Tyurualas (weapon) {speed, rElec rC- Stlth+}
   (You found it on level 4 of the Dungeon)

   Attacks with this weapon are significantly faster.
   It makes you vulnerable to cold.
   It insulates you from electricity.
   It makes you more stealthy.
Missiles
 w - 9 poisoned darts (quivered)
Armour
 c - a +2 kite shield (worn)
 f - a +0 helmet (worn)
 p - a +0 chain mail (worn)
Jewellery
 h - a +4 ring of slaying (left hand)
 i - a +4 ring of evasion (right hand)
 n - a ring of see invisible
Wands
 A - a wand of digging (6)
 C - a wand of iceblast (13)
Scrolls
 l - 7 scrolls of amnesia
 o - a scroll of blinking
 u - a scroll of enchant weapon {unknown}
 x - 2 scrolls of identify
 y - a scroll of magic mapping {unknown}
 B - 5 scrolls of teleportation
Potions
 d - 2 potions of might
 e - a potion of heal wounds {unknown}
 g - 2 potions of curing
 j - a potion of berserk rage {unknown}
 k - 2 potions of haste {unknown}
 m - 2 potions of brilliance {unknown}
 q - a potion of cancellation {unknown}
 r - 3 potions of lignification
 s - a potion of degeneration {unknown}
 t - 2 potions of magic
 v - 3 potions of mutation {unknown}
 z - 2 potions of attraction


   Skills:
 + Level 6.0 Fighting
 * Level 9.8 Polearms
 + Level 4.2 Armour
 - Level 5.0 Dodging
 + Level 5.5 Shields
 + Level 2.2 Invocations


You had 8 spell levels left.
You didn't know any spells.
Your spell library contained the following spells:

 Spells                   Type           Power      Damage    Failure   Level
 Corona                   Hex            0%         N/A       100%        1
 Ensorcelled Hibernation  Hex/Ice        0%         N/A       100%        2
 Confusing Touch          Hex            0%         N/A       100%        3
 Dazzling Flash           Conj/Hex       0%         N/A       100%        3
 Gell's Gravitas          Tloc           0%         N/A       100%        3
 Tukima's Dance           Hex            0%         N/A       100%        3
 Petrify                  Tmut/Erth      0%         N/A       100%        4
 Bolt of Magma            Conj/Fire/Erth 0%         4d4       100%        5
 Iskenderun's Battlesphe  Conj           0%         2d6       100%        5
 Metabolic Englaciation   Hex/Ice        0%         N/A       100%        5
 Yara's Violent Unravell  Hex/Tmut       0%         3d3       100%        5
 Iron Shot                Conj/Erth      0%         9d1       100%        6
 Orb of Destruction       Conj           0%         N/A       100%        7
 Spellforged Servitor     Conj/Summ      0%         N/A       100%        7


Dungeon Overview and Level Annotations

Branches:
Dungeon (6/15)             Temple (1/1) D:5         Ossuary (visited)

Altars:
Ashenzari
Cheibriados
Dithmenos
Elyvilon
Fedhas
Gozag
Hepliaklqana
Kikubaaqudgha
Makhleb
Nemelex Xobeh
Okawaru
Qazlal
Ru
Sif Muna
Trog
Uskayaw
Vehumet
Wu Jian
Xom
Yredelemnul
Zin
The Shining One

Annotations:
D:6 Blork the orc


Innate Abilities, Weirdness & Mutations

((You are quick and stealthy near water. (Stealth+, EV+, Speed+++)))
Your lower body shifts to a powerful aquatic tail in water.


Message History

The hornet barely misses you.
You riposte.
You hit the hornet.
The hornet is heavily wounded.
The white imp gestures at you. The puff of frost hits you!
You feel a terrible chill!
The ice beast hits you but does no damage.
You block the hornet's attack.
You feel sick. The ice beast closely misses you.
You riposte.
You hit the ice beast.
The ice beast is lightly wounded.
There is a stone staircase leading up here.
You draw a card...
You have drawn the Elixir.
You begin rapidly regenerating health and magic.
You feel sick.
The hornet stings you but does no damage.
You block the bullfrog zombie's attack. The hornet stings you!
You feel yourself slow down. You block the ice beast's attack.
The white imp barely misses you.
You feel yourself speed up.
You feel very sick.
The hornet stings you but does no damage.
You block the bullfrog zombie's attack. The white imp gestures at you.
The puff of frost hits you.
You feel a terrible chill!
* * * LOW HITPOINT WARNING * * *
The hornet stings you but does no damage.
The bullfrog zombie misses you.
You climb upwards.
You feel sick.
There is a stone staircase leading down, spattered with blood here.
You draw a card...
You have drawn the Tomb.
Walls emerge from the floor!
You feel sick. The hornet stings you!
* * * LOW HITPOINT WARNING * * *
You suddenly lose the ability to move!
The ice beast hits you but does no damage.
The white imp hits you but does no damage.
The hornet stings you.
* * * LOW HITPOINT WARNING * * *
You are more poisoned.
You shrug off the repeated paralysis!
You die...
Your body glows slightly and disappears.

#.........(..#........#......
#............#........'......
#............#........#......
#........)...#........#......
#............###'######......
########+#)................##
#.......'.................+.
#.......#.5##.............#.
#.......#.Y@y.............#.
#......##.###..........(..##
#......####'#####'####+#####
#............#..............
#............#..............
#............#..............
#............#..............
#............#..............
#...##'####'##+#############


You could see a hornet, an ice beast and a white imp.

Vanquished Creatures
  2 wraiths (Ossuary)
  3 vampire mosquitoes (D:5)
  A black bear (D:4)
  An ogre (D:4)
  A wyvern zombie (D:6)
  3 scorpions (D:5)
  A water moccasin skeleton (D:5)
  5 wights
  A hound (D:4)
  3 orc priests
  2 jellies (D:4)
  4 orc wizards
  A killer bee zombie (D:4)
  A hound skeleton (D:4)
  5 adders
  A howler monkey skeleton (D:5)
  A white imp (D:5)
  An ufetubus (D:5)
  2 adder zombies (Ossuary)
  An adder skeleton (D:4)
  4 dart slugs
  21 orcs
  7 ball pythons
  13 endoplasms
  5 goblins
  4 hobgoblins
  3 jackals (D:2)
  5 kobolds
  A quokka (D:4)
  3 bats
  2 frilled lizards (D:1)
  A hobgoblin skeleton (Ossuary)
  2 hobgoblin zombies (Ossuary)
  2 kobold zombies (Ossuary)
  2 orc skeletons (Ossuary)
  5 rats
120 creatures vanquished.

Vanquished Creatures (collateral kills)
  2 wights
  A dart slug (D:3)
  An orc (D:3)
  2 endoplasms (D:3)
  3 jackals (D:3)
  A quokka (D:3)
10 creatures vanquished.

Grand Total: 130 creatures vanquished

Notes
Turn   | Place    | Note
-------+----------+-------------------------------------------
     0 | D:1      | Glokmah the Merfolk Fighter began the quest for the Orb.
     0 | D:1      | Reached XP level 1. HP: 18/18 MP: 1/1
   424 | D:1      | Reached XP level 2. HP: 22/24 MP: 2/2
   578 | D:1      | Found a faded altar of an unknown god.
   583 | D:1      | Became a worshipper of Nemelex Xobeh the Trickster
   583 | D:1      | Reached * piety under Nemelex Xobeh
   583 | D:1      | Received a gift from Nemelex Xobeh
  1221 | D:2      | Reached skill level 1 in Dodging
  1282 | D:2      | Reached XP level 3. HP: 29/29 MP: 3/3
  1495 | D:2      | Reached skill level 4 in Polearms
  1544 | D:2      | Found a blossoming altar of Fedhas.
  1806 | D:2      | Reached ** piety under Nemelex Xobeh
  2226 | D:3      | Reached XP level 4. HP: 26/37 MP: 4/4
  2244 | D:3      | Received a gift from Nemelex Xobeh
  2566 | D:3      | Reached *** piety under Nemelex Xobeh
  2566 | D:3      | Received a gift from Nemelex Xobeh
  2792 | D:4      | Reached skill level 5 in Polearms
  2792 | D:4      | Reached XP level 5. HP: 42/42 MP: 5/5
  2911 | D:4      | Noticed a black bear
  2916 | D:4      | Killed a black bear
  2917 | D:4      | Reached XP level 6. HP: 45/48 MP: 6/6
  2961 | D:4      | Reached skill level 6 in Polearms
  2988 | D:4      | Identified the +7 long sword of Tyurualas {speed, rElec rC-
                  | Stlth+}
  3177 | D:4      | Reached XP level 7. HP: 44/55 MP: 7/7
  3307 | D:5      | Entered Level 5 of the Dungeon
  3355 | D:5      | Found a staircase to the Ecumenical Temple.
  3389 | D:5      | Found a stormy altar of Qazlal.
  3532 | D:5      | Reached skill level 7 in Polearms
  3614 | D:5      | Found a sand-covered staircase.
  3618 | Ossuary  | Entered an ossuary
  3680 | Ossuary  | Received a gift from Nemelex Xobeh
  3831 | Ossuary  | Noticed a wraith
  3831 | Ossuary  | Noticed a flying skull
  3844 | Ossuary  | Noticed a flying skull
  3865 | Ossuary  | Noticed a flying skull
  3873 | Ossuary  | Reached **** piety under Nemelex Xobeh
  3890 | Ossuary  | Noticed a flying skull
  3898 | Ossuary  | Noticed a wraith
  3907 | Ossuary  | Killed a wraith
  3908 | Ossuary  | Reached skill level 5 in Fighting
  3917 | Ossuary  | Reached XP level 8. HP: 26/61 MP: 8/8
  3921 | Ossuary  | Noticed a wraith
  3928 | Ossuary  | Killed a wraith
  3929 | Ossuary  | Reached skill level 8 in Polearms
  4441 | D:5      | Received a gift from Nemelex Xobeh
  4594 | D:5      | Reached skill level 5 in Shields
  4691 | Temple   | Entered the Ecumenical Temple
  4901 | D:6      | Noticed Blork the orc
  4907 | D:5      | Reached skill level 5 in Dodging
  4918 | D:5      | Reached skill level 9 in Polearms
  4918 | D:5      | Reached skill level 1 in Invocations
  4970 | D:5      | Reached XP level 9. HP: 50/69 MP: 10/10
  5084 | D:6      | Identified the +2 long sword "Asoaps" {vorpal, Int+3
                  | Stlth+}
  5337 | D:6      | Noticed a hornet
  5350 | D:5      | Paralysed by a hornet for 2 turns
  5350 | D:5      | HP: 1/66 [hornet (3)]
  5351 | D:5      | Succumbed to a hornet's poison

Illustrated notes

Levels and vault maps discovered:
D:1:      dpeg_arrival_snail, layout_basic, basic_ecumenical_altar,
          serial_park_tiny_pond, amcnicky_mini_pool_small
D:2:      layout_loops_corners, basic_altar, minmay_tetromino_s2
D:3:      layout_rooms, chequers_serial_rivers_large_b, wad_orctagon
D:4:      layout_rooms, minmay_manual_mail
D:5:      layout_gridville, nicolae_overflow_crystal_walls,
          minmay_temple_entry_offerings, nicolae_ossuary_entry_false_entrances
D:6:      cheibrodos_fzero, layout_cave_pools, uniq_sigmund, uniq_blork_the_orc
Temple:   kilobyte_greek_temple

Skill      XL: |  1  2  3  4  5  6  7  8  9 |
---------------+----------------------------+-----
Dodging        | 1 2 3 4 5 |  5.0
Polearms       | 4 5 6 7 9 |  9.8
Fighting       | 4 5 6 |  6.0
Armour         | 3 4 |  4.2
Shields        | 4 5 |  5.5
Invocations    | 1 2 |  2.2

Action                   |  1- 3 |  4- 6 |  7- 9 || total
-------------------------+-------+-------+-------++-------
Melee: Trident           |    73 |    69 |    82 ||   224
       Long sword        |       |       |    52 ||    52
Invok: Draw Destruction  |     2 |     8 |    14 ||    24
       Draw Summoning    |     2 |       |     4 ||     6
       Draw Escape       |       |       |     2 ||     2
  Use: Scroll            |       |       |    11 ||    11
Armor: Scale mail        |    12 |       |       ||    12
       Chain mail        |     2 |    20 |    42 ||    64
Dodge: Dodged            |    13 |    20 |    53 ||    86
Block: Kite shield       |    20 |    25 |    96 ||   141
       Rpst.: Long sword |       |       |    16 ||    16

Table legend: (Time is in decaauts)
 A = Elapsed time spent in this place.
 B = Non-inter-level travel time spent in this place.
 C = Inter-level travel time spent in this place.
 D = Time resting spent in this place.
 E = Time spent auto-exploring this place.
 F = Levels seen in this place.
 G = Mean time per level.
                   A        B        C        D        E       F      G
               +--------+--------+--------+--------+--------+-----+--------+
         Total |   5387 |   4926 |    461 |    758 |   2768 |   8 |  673.4 |
       Dungeon |   4640 |   4194 |    446 |    537 |   2500 |   6 |  773.3 |
        Temple |    186 |    171 |     15 |      0 |    170 |   1 |  186.0 |
       Ossuary |    560 |    560 |      0 |    221 |     98 |   1 |  560.0 |
               +--------+--------+--------+--------+--------+-----+--------+

Top non-repeatable levels by time:
     D:1: 1200 daAuts
     D:5: 1178 daAuts
     D:2: 1033 daAuts
     D:4: 630 daAuts
 Ossuary: 560 daAuts
     D:3: 553 daAuts
  Temple: 186 daAuts
     D:6: 45 daAuts
